 Dungeon Crawl Stone Soup version 0.29.1-1-gd02db6906a (webtiles) character file.

Game seed: 16206303154104022514

1461 safid the Shooter (level 8, -3/73 HPs)
             Began as a Minotaur Hunter on Oct 21, 2022.
             Killed by divine providence
             ... invoked by an orc priest
              (12 damage)
             ... on level 6 of the Dungeon.
             The game lasted 00:10:45 (4258 turns).

safid the Shooter (Minotaur Hunter)                 Turns: 4258, Time: 00:10:46

Health: -3/73      AC:  4    Str: 23    XL:     8   Next: 48%
Magic:  7/7        EV: 16    Int:  6    God:
Gold:   23         SH:  0    Dex: 21    Spells: 5/7 levels left

rFire   . . .      SeeInvis .   a - +0 shortbow
rCold   . . .      Faith    .   (shield currently unavailable)
rNeg    . . .      Spirit   .   c - +0 leather armour
rPois   .          Reflect  .   (helmet restricted)
rElec   .          Harm     .   e - +0 cloak
rCorr   .          Rampage  .   (no gloves)
Will    .....                   (no boots)
Stlth   ++........              h - amulet of regeneration
HPRegen 1.02/turn               y - +6 ring of dexterity
MPRegen 0.10/turn               B - +6 ring of strength

@: no status effects
A: horns 2, retaliatory headbutt
a: no special abilities


You were on level 6 of the Dungeon.
You visited 1 branch of the dungeon, and saw 6 of its levels.

You collected 248 gold pieces.
You spent 225 gold pieces at shops.

Inventory:

Hand Weapons
 a - a +0 shortbow (weapon)
Missiles
 n - 2 throwing nets
Armour
 c - a +0 leather armour (worn)
 e - a +0 cloak (worn)
Jewellery
 h - an amulet of regeneration (around neck)
 u - a ring of ice
 y - a +6 ring of dexterity (left hand)
 B - a +6 ring of strength (right hand)
Wands
 d - a wand of roots (9)
 A - a wand of flame (34)
 D - a wand of light (11)
Scrolls
 i - 4 scrolls of teleportation
 j - 4 scrolls of blinking
 q - a scroll of fear {unknown}
 r - a scroll of brand weapon {unknown}
 t - a scroll of magic mapping {unknown}
 w - a scroll of enchant weapon {unknown}
 x - a scroll of poison {unknown}
Potions
 b - 2 potions of flight
 f - 3 potions of lignification
 k - a potion of berserk rage {unknown}
 l - 3 potions of heal wounds
 m - 3 potions of mutation
 o - 4 potions of curing
 v - a potion of haste {unknown}
 z - a potion of might {unknown}
 E - a potion of ambrosia {unknown}


   Skills:
 + Level 7.3 Fighting
 + Level 7.8 Ranged Weapons
 + Level 3.3 Armour
 + Level 6.6 Dodging
 - Level 1.0 Stealth


You had 5 spell levels left.
You knew the following spells:

 Your Spells              Type           Power      Damage    Failure   Level
a - Blink                 Tloc           0%         N/A       65%         2

Your spell library contained the following spells:

 Spells                   Type           Power      Damage    Failure   Level
 Apportation              Tloc           0%         N/A       50%         1
 Wereblood                Tmut           0%         N/A       65%         2
 Alistair's Intoxication  Tmut/Pois      0%         N/A       100%        5
 Manifold Assault         Tloc           0%         N/A       100%        5
 Statue Form              Tmut/Erth      0%         N/A       100%        6
 Storm Form               Tmut/Air       0%         N/A       100%        7


Dungeon Overview and Level Annotations

Branches:
Dungeon (6/15)
 Temple: D:4-7

Altars:
Ashenzari
Cheibriados
Elyvilon
Gozag
Kikubaaqudgha
Nemelex Xobeh
Qazlal
Sif Muna
Vehumet
Yredelemnul

Shops:
D:1 [=!?


Innate Abilities, Weirdness & Mutations

You have a pair of horns on your head.
You reflexively headbutt those who attack you in melee.


Message History

You are too injured to fight recklessly!
Unknown command.
Fire: a) +0 shortbow
Press: ? - help, Q - select action, (/) - cycle Shift-Dir - straight line, f/p - bullfrog
Aim: a bullfrog (heavily wounded, 62% to hit)
You shoot an arrow. The arrow closely misses the bullfrog.
Unknown command.
Fire: a) +0 shortbow
Press: ? - help, Q - select action, (/) - cycle Shift-Dir - straight line, f/p - bullfrog
Aim: a bullfrog (heavily wounded, 62% to hit)
You shoot an arrow.
The arrow completely misses the bullfrog.
The bullfrog completely misses you. The bullfrog hits you!
Fire: a) +0 shortbow
Press: ? - help, Q - select action, (/) - cycle Shift-Dir - straight line, f/p - bullfrog
Aim: a bullfrog (heavily wounded, 62% to hit)
You shoot an arrow. The arrow barely misses the bullfrog.
The bullfrog hits you. x2
* * * LOW HITPOINT WARNING * * *
Fire: a) +0 shortbow
Press: ? - help, Q - select action, (/) - cycle Shift-Dir - straight line, f/p - bullfrog
Aim: a bullfrog (heavily wounded, 62% to hit)
You shoot an arrow. The arrow hits the bullfrog.
The bullfrog is heavily wounded.
The bullfrog misses you. You furiously retaliate!
You headbutt the bullfrog. The bullfrog misses you.
The bullfrog releases a deep croak.
The bullfrog attacks as you move away! The bullfrog hits you.
The bullfrog misses you. The bullfrog attacks as you move away!
The bullfrog hits you.
* * * LOW HITPOINT WARNING * * *
The bullfrog closely misses you. The bullfrog attacks as you move away!
The bullfrog hits you.
* * * LOW HITPOINT WARNING * * *
The orc priest calls down the wrath of Beogh upon you.
Beogh smites you!
* * * LOW HITPOINT WARNING * * *
The orc priest invokes the aid of Beogh against you.
Beogh smites you!
You die...

#.####'####.#. #.#.^#.#^.#.#.
############.##^#.#^##.#.
#....##..#...#.^#.#^.#...
#####............## #.#^##...
#.........##.....# #^#^ #...
#................####'####.##
##..............<.)..#.#....#.
#...#.......F@..##..)###.#....
...........######..#[....#....
........o########..##..###....
..##....#..##.#........####..
......#.........#.###.....##..
..... #.))......#..##.....##..
≈≈≈≈.#...)........####....#...
...≈......)........#..........
♣♣♣.≈..................#.c.##..


You could see a bullfrog and an orc priest.

Vanquished Creatures
  A steam dragon (D:6)
  An orc warrior (D:6)
  An ogre (D:5)
  2 centaurs
  A bullfrog (D:6)
  A gnoll sergeant (D:6)
  2 scorpions (D:5)
  2 jellies
  2 orc priests (D:6)
  2 hounds (D:6)
  Jessica (D:2)
  Ijyb (D:5)
  2 orc wizards (D:4)
  Robin (D:2)
  13 adders
  21 gnolls
  A white imp (D:5)
  3 ufetubi (D:6)
  4 worms
  3 dart slugs
  6 orcs
  11 ball pythons
  9 endoplasms
  2 giant cockroaches
  14 goblins
  7 hobgoblins
  7 jackals (D:2)
  A quokka (D:1)
  5 bats
  4 frilled lizards
  11 kobolds
  4 rats
146 creatures vanquished.

Notes
Turn   | Place    | Note
-------+----------+-------------------------------------------
     0 | D:1      | safid the Minotaur Hunter began the quest for the Orb.
     0 | D:1      | Reached XP level 1. HP: 18/18 MP: 0/0
    86 | D:1      | Reached skill level 1 in Stealth
    94 | D:1      | Reached XP level 2. HP: 19/25 MP: 1/1
   274 | D:1      | Found Wiler's Jewellery Shop.
   278 | D:1      | Found Hudgh's Distillery.
   319 | D:1      | Reached XP level 3. HP: 31/31 MP: 2/2
   422 | D:1      | Found Xousith's Magic Scroll Shop.
   435 | D:1      | Bought a scroll of noise for 11 gold pieces
   540 | D:1      | Found Giupsob's Antique Armour Boutique.
   722 | D:2      | Noticed Robin
   743 | D:2      | Killed Robin
   744 | D:2      | Reached skill level 5 in Ranged Weapons
   760 | D:2      | Reached XP level 4. HP: 40/40 MP: 3/3
   855 | D:2      | Got the Catalogue of the Figure
   863 | D:2      | Noticed Jessica
   866 | D:2      | Killed Jessica
   912 | D:2      | Reached XP level 5. HP: 46/46 MP: 4/4
  1430 | D:3      | Learned a level 2 spell: Blink
  1634 | D:3      | You fall into a shaft and drop 1 floor!
  1724 | D:3      | Found a basalt altar of Yredelemnul.
  1725 | D:3      | Found a radiant altar of Vehumet.
  1725 | D:3      | Found a stormy altar of Qazlal.
  1725 | D:3      | Found an ancient bone altar of Kikubaaqudgha.
  1725 | D:3      | Found a sparkling altar of Nemelex Xobeh.
  1730 | D:3      | Found a white marble altar of Elyvilon.
  1969 | D:3      | Reached XP level 6. HP: 53/53 MP: 5/5
  2000 | D:3      | Found a faded altar of an unknown god.
  2150 | D:4      | Reached skill level 5 in Fighting
  2590 | D:4      | Found a snail-covered altar of Cheibriados.
  2646 | D:4      | Found a broken altar of Ashenzari.
  2646 | D:4      | Found an opulent altar of Gozag.
  2653 | D:4      | Found a shimmering blue altar of Sif Muna.
  2766 | D:5      | Entered Level 5 of the Dungeon
  2766 | D:5      | Noticed Ijyb
  2774 | D:5      | Killed Ijyb
  2957 | D:5      | Reached skill level 5 in Dodging
  2957 | D:5      | Reached XP level 7. HP: 61/61 MP: 6/6
  3576 | D:1      | Bought a scroll of blinking for 82 gold pieces
  3576 | D:1      | Bought a scroll of identify for 22 gold pieces
  3576 | D:1      | Bought a scroll of identify for 22 gold pieces
  3592 | D:1      | Bought a potion of heal wounds for 55 gold pieces
  3592 | D:1      | Bought a potion of curing for 33 gold pieces
  3813 | D:5      | Reached skill level 1 in Armour
  3939 | D:6      | Noticed a steam dragon
  3958 | D:6      | HP: 3/64 [centaur (2)]
  3979 | D:6      | Reached XP level 8. HP: 45/71 MP: 7/7
  4258 | D:6      | Killed from afar by an orc priest

Illustrated notes

Levels and vault maps discovered:
D:1:      dpeg_arrival_boxorama, layout_basic, serial_shops,
          nicolae_shop_advertising_works [nicolae_subvault_shop_adworks], shop,
          nicolae_shop_hallway_stairs, nicolae_shop_stone, amethyst_killhole,
          corexii_item_surrounded_by_moat, minmay_tiny_reverse_x
D:2:      layout_loops_ring, minmay_pentomino_s2, uniq_robin, uniq_jessica
D:3:      layout_rooms, minitemple, nicolae_ecumenical_lake_church
D:4:      layout_cave_pools, nicolae_overflow_crystal_walls,
          gammafunk_temple_overflow_forgotten, minmay_snake_closets
D:5:      layout_layer_cave, small_statue_intersection, st_stairs_13, uniq_ijyb
D:6:      layout_cave_pools, mainiacjoe_overflow_brackets, kennysheep_mini,
          grunt_tough_drop

Skill      XL: |  1  2  3  4  5  6  7  8 |
---------------+-------------------------+-----
Stealth        | 1 |  1.0
Fighting       | 3 4 5 6 7 |  7.3
Dodging        | 3 4 5 6 |  6.6
Ranged Weapons | 5 6 7 |  7.8
Armour         | 1 3 |  3.3

Action                   |  1- 3 |  4- 6 |  7- 9 || total
-------------------------+-------+-------+-------++-------
 Fire: Shortbow          |    87 |   240 |   156 ||   483
  Use: Scroll            |       |       |     9 ||     9
       Potion            |       |       |     1 ||     1
Armor: Leather armour    |     9 |    37 |     7 ||    53
Dodge: Dodged            |    23 |    81 |    95 ||   199
